[Event "Titled Tuesday Blitz April 18 Late 2023"]
[White "Moral Garcia, Serafin"]
[Black "Kosteniuk, Alexandra"]
[WhiteFideId "2201925"]
[BlackFideId "4128125"]
[WhiteElo "2274"]
[BlackElo "2453"]
[Result "0-1"]
[Round "09"]
[TimeControl "180+2"]
[Date "2023.04.18"]
[WhiteClock "0:00:13"]
[BlackClock "0:00:07"]

1. Nf3 f5 2. b3 Nf6 3. Bb2 Nc6 4. c4 d6 5. d4 a5 6. a3 e6 7. e3 Ne7 8. Bd3 Ng6 9. O-O Be7 10. Nc3 O-O 11. Re1 Ng4 12. h3 Nh6 13. e4 Nf4 14. Bf1 fxe4 15. Nxe4 Qe8 16. Ng3 Qf7 17. Re3 b6 18. Qd2 Bb7 19. Kh2 Qg6 20. Rae1 Rae8 21. d5 e5 22. Ne2 Nxe2 23. Bxe2 Nf5 24. Bd3 Qh6 25. R3e2 Qxd2 26. Rxd2 Bc8 27. Rde2 Nh6 28. Be4 Bf6 29. Bc1 Nf7 30. Be3 Bd7 31. Ra2 Ra8 32. Rea1 Ra7 33. Bd2 Rfa8 34. Kg1 g6 35. Kf1 Bf5 36. Re1 Rf8 37. Re2 Nd8 38. Ke1 Nb7 39. Bxf5 gxf5 40. b4 axb4 41. Bxb4 e4 42. Nd2 Bd4 43. f3 exf3 44. Nxf3 Bf6 45. Kd2 Nc5 46. Bxc5 bxc5 47. Re3 Rfa8 48. Rb3 Ra4 49. Kd3 R8a7 50. Nd2 Ra8 51. Nb1 Be5 52. Nc3 Bxc3 53. Kxc3 Kf7 54. Rf2 Kg6 55. Kb2 Re8 56. Rg3+ Kf6 57. Rc3 Re4 58. Kb3 Ra8 59. Rb2 Ke5 60. a4 Rb8+ 61. Ka3 Ra8 62. Rb7 Kd4 63. Rcb3 Kxc4 64. Rxc7 Kxd5 65. Rxh7 Raxa4+ 66. Kb2 Re2+ 67. Kc3 Re3+ 68. Kb2 Re2+ 69. Kc3 Rc4+ 70. Kd3 Rxg2 71. Rb6 Rg3+ 72. Kd2 Ra4 73. Rd7 Ra2+ 0-1


[Site "https://www.chess.com"]

[Event "Titled Tuesday Blitz April 18 Late 2023"]
[White "Przybylski, Wojciech"]
[Black "Matinian, Nikita"]
[WhiteFideId "1117599"]
[BlackFideId "24129100"]
[WhiteElo "2222"]
[BlackElo "2422"]
[Result "0-1"]
[Round "09"]
[TimeControl "180+2"]
[Date "2023.04.18"]
[WhiteClock "0:00:01"]
[BlackClock "0:00:08"]

1. e4 c5 2. Nf3 e6 3. b3 b6 4. Bb2 Bb7 5. Qe2 Nf6 6. e5 Nd5 7. Nc3 Be7 8. O-O-O O-O 9. h4 Nc6 10. h5 a5 11. a4 Ncb4 12. Nb5 f5 13. h6 g6 14. Nd6 Ba6 15. c4 Nf4 16. Qe3 g5 17. d4 Ng6 18. Kb1 g4 19. Ne1 Bg5 20. Qc3 cxd4 21. Qxd4 Nc6 22. Qc3 Ncxe5 23. f4 Bxf4 24. Nd3 Bg3 25. Nc5 bxc5 26. Qxg3 f4 27. Qc3 Qg5 28. Ne4 Qe7 29. Rh5 Rf5 30. Rxf5 exf5 31. Nd6 Rf8 32. Re1 Qxd6 33. Qxa5 Bb7 34. Qc3 Be4+ 35. Ka2 f3 36. gxf3 gxf3 37. Qc1 f2 38. Rd1 Qe7 39. Qe3 Ng4 40. Qc3 Rf6 41. Qd2 d6 42. Bxf6 Qxf6 0-1


[Site "https://www.chess.com"]

[Event "Titled Tuesday Blitz April 18 Late 2023"]
[White "Erzhanov, Arman"]
[Black "Martinez Ramirez, Lennis"]
[WhiteFideId "4138821"]
[BlackFideId "3509079"]
[WhiteElo "2138"]
[BlackElo "2410"]
[Result "0-1"]
[Round "09"]
[TimeControl "180+2"]
[Date "2023.04.18"]
[WhiteClock "0:02:18"]
[BlackClock "0:01:50"]

1. e4 c5 2. Nf3 d6 3. d4 cxd4 4. Qxd4 a6 5. Be2 Nc6 6. Qe3 g6 7. h3 Bh6 8. Qc3 Qa5 9. Qxa5 Nxa5 10. Bxh6 Nxh6 11. c4 f5 12. e5 Nf7 13. exd6 Nxd6 14. b3 b5 15. cxb5 axb5 16. Nc3 Nxb3 17. Rb1 Nc5 18. Nxb5 Nxb5 19. Bxb5+ Bd7 20. Bxd7+ Kxd7 21. Rb2 Nd3+ 0-1


[Site "https://www.chess.com"]

[Event "Titled Tuesday Blitz April 18 Late 2023"]
[White "Petrovic, Aleksa"]
[Black "Kozin, Yuri"]
[WhiteFideId "967629"]
[BlackFideId "4129920"]
[WhiteElo "2309"]
[BlackElo "2618"]
[Result "1-0"]
[Round "09"]
[TimeControl "180+2"]
[Date "2023.04.18"]
[WhiteClock "0:00:09"]
[BlackClock "0:00:05"]

1. d4 d5 2. c4 c6 3. Nc3 Nf6 4. e3 Bf5 5. cxd5 cxd5 6. Qb3 Bc8 7. Nf3 e6 8. Bb5+ Nbd7 9. O-O Bd6 10. Ne5 O-O 11. f4 a6 12. Bd3 b5 13. Bd2 b4 14. Ne2 a5 15. Be1 Ba6 16. Bh4 Bxd3 17. Qxd3 Qb6 18. Rac1 Rac8 19. Ng3 g6 20. Bxf6 Nxf6 21. h4 a4 22. h5 Kg7 23. Kf2 b3 24. a3 Qb7 25. Kf3 Rb8 26. Rh1 Rfc8 27. hxg6 hxg6 28. f5 Rxc1 29. Rxc1 Bxe5 30. dxe5 d4+ 31. e4 Nd7 32. Qxd4 exf5 33. Kf4 Re8 34. e6+ Nf6 35. exf5 fxe6 36. Kg5 e5 37. Qd6 Qe7 38. Qxe7+ Rxe7 39. fxg6 Rd7 40. Nf5+ Kf8 41. Rc8+ Ne8 42. g7+ Kf7 43. Rxe8 Kxe8 44. g8=Q# 1-0


[Site "https://www.chess.com"]

[Event "Titled Tuesday Blitz April 18 Late 2023"]
[White "Mikhalsky, Vladimir"]
[Black "Pinheiro, Iung Alicio de O."]
[WhiteFideId "14144352"]
[BlackFideId "2104350"]
[WhiteElo "2236"]
[BlackElo "2283"]
[Result "0-1"]
[Round "09"]
[TimeControl "180+2"]
[Date "2023.04.18"]
[WhiteClock "0:00:03"]
[BlackClock "0:00:08"]

1. d4 Nf6 2. c4 Nc6 3. Nc3 e5 4. d5 Ne7 5. b3 Ng6 6. Bb2 Bc5 7. e3 a5 8. Qc2 d6 9. h3 Bd7 10. a3 c6 11. dxc6 bxc6 12. Nf3 Ba7 13. Rd1 Qe7 14. a4 Bc5 15. Nd2 d5 16. cxd5 cxd5 17. Bb5 Rc8 18. O-O O-O 19. Bxd7 Qxd7 20. Nc4 Bb4 21. Nb6 Qc6 22. Nxc8 Rxc8 23. Qb1 h5 24. Nb5 Qe6 25. Rc1 Rd8 26. Bc3 Ne4 27. Bxb4 axb4 28. Qd3 Nh4 29. Kh2 Qg6 30. g3 Nf3+ 31. Kg2 Nh4+ 32. Kh2 Nf5 33. Qe2 d4 34. g4 hxg4 35. Qxg4 Qxg4 36. hxg4 Nh4 37. f3 Nd2 38. exd4 Nxf1+ 39. Rxf1 exd4 40. Kg3 Ng6 41. Rd1 d3 42. f4 Ne7 43. Kf3 Nc6 44. Ke4 d2 45. Ke3 Re8+ 46. Kxd2 Na5 47. Kc2 Re2+ 48. Rd2 Re3 49. Nd4 Rc3+ 50. Kb2 Rg3 51. g5 g6 52. f5 gxf5 53. Nxf5 Rxb3+ 54. Kc2 Rc3+ 55. Kd1 Rf3 56. Rd8+ Kh7 57. Nd6 b3 58. Rb8 Rd3+ 59. Ke2 Rxd6 60. Rb5 Ra6 61. Kd2 Kg6 62. Kc3 Ra8 63. Kb2 Ra7 64. Ka3 Nc6 65. Rb6 Rc7 66. Kxb3 Kxg5 67. Kb2 f5 68. Rb5 Kg4 69. a5 Ra7 70. Rc5 Nxa5 71. Rb5 Nc6 72. Rc5 Rb7+ 73. Kc3 Rb6 74. Rc4+ f4 75. Kd2 Ne5 76. Ra4 Kg3 77. Ke2 f3+ 78. Ke3 Rb3+ 79. Ke4 Ng4 80. Kf5 Rb5+ 81. Kg6 f2 82. Ra3+ Kg2 83. Ra2 Kg1 84. Ra1+ f1=Q 85. Rxf1+ Kxf1 0-1


[Site "https://www.chess.com"]

[Event "Titled Tuesday Blitz April 18 Late 2023"]
[White "cryptoguru02"]
[Black "D`Arruda, Ricardo D."]
[BlackFideId "100692"]
[WhiteElo "2605"]
[BlackElo "2481"]
[Result "1-0"]
[Round "09"]
[TimeControl "180+2"]
[Date "2023.04.18"]
[WhiteClock "0:00:15"]
[BlackClock "0:00:05"]

1. d4 Nf6 2. c4 e5 3. dxe5 Ne4 4. Nf3 Nc6 5. Nbd2 Nc5 6. e3 d6 7. exd6 Bxd6 8. Be2 Bf5 9. O-O Qf6 10. Nb3 O-O-O 11. Nxc5 Bxc5 12. Nd4 Nxd4 13. exd4 Qxd4 14. Qb3 Qf6 15. Be3 Bd4 16. Bf3 c6 17. Rfd1 Rhe8 18. Bxd4 Rxd4 19. Rxd4 Qxd4 20. Rd1 Qe5 21. h3 Re7 22. Qa4 Kb8 23. b4 Rd7 24. b5 cxb5 25. cxb5 Rxd1+ 26. Qxd1 Kc7 27. a4 Be6 28. Qc1+ Kb8 29. Qc2 Bd5 30. Bxd5 Qxd5 31. Qxh7 Qd1+ 32. Kh2 Qd6+ 33. g3 Qf6 34. Qc2 Qf3 35. Qd2 Kc7 36. h4 b6 37. Kg1 g6 38. Qd4 Qf5 39. Kg2 Qe6 40. g4 Qb3 41. f3 Qe6 42. Kg3 Qe1+ 43. Kf4 Qxh4 44. Qc4+ Kd8 45. Qxf7 Qh2+ 46. Kg5 Qe5+ 47. Kxg6 Qd4 48. Qf6+ 1-0


[Site "https://www.chess.com"]

[Event "Titled Tuesday Blitz April 18 Late 2023"]
[White "Lewicki, Miroslaw"]
[Black "Sliwicki, Damian"]
[WhiteFideId "1113380"]
[BlackFideId "1127128"]
[WhiteElo "2212"]
[BlackElo "2030"]
[Result "1-0"]
[Round "09"]
[TimeControl "180+2"]
[Date "2023.04.18"]
[WhiteClock "0:00:29"]
[BlackClock "0:00:03"]

1. g3 c5 2. Bg2 Nc6 3. Nf3 e5 4. O-O d6 5. c4 g6 6. Nc3 Bg7 7. e3 Nge7 8. b3 O-O 9. Bb2 Rb8 10. a3 a6 11. Qe2 b5 12. cxb5 axb5 13. Rfc1 b4 14. axb4 cxb4 15. Nd5 Nxd5 16. Rxc6 Bb7 17. Rc4 Nb6 18. Rxb4 Bxf3 19. Bxf3 e4 20. Bxg7 exf3 21. Qxf3 Kxg7 22. Ra6 Nd7 23. Qe4 Rxb4 24. Qxb4 Ne5 25. Rxd6 Nf3+ 26. Kg2 Qa8 27. e4 Ng5 28. Qc3+ Kg8 29. f3 Rc8 30. Qe3 Ne6 31. h4 Rc1 32. h5 Qb8 33. Qd3 Kg7 34. Qd5 Qc7 35. Qe5+ Kg8 36. h6 Qc2 37. Rd8+ Nxd8 38. Qg7# 1-0


[Site "https://www.chess.com"]

[Event "Titled Tuesday Blitz April 18 Late 2023"]
[White "mrithyunjay"]
[Black "Vovk, Orest"]
[BlackFideId "14113490"]
[WhiteElo "2471"]
[BlackElo "2215"]
[Result "1-0"]
[Round "09"]
[TimeControl "180+2"]
[Date "2023.04.18"]
[WhiteClock "0:01:18"]
[BlackClock "0:00:09"]

1. e4 g5 2. d4 g4 3. Be2 h5 4. h3 Bg7 5. hxg4 hxg4 6. Rxh8 Bxh8 7. Bxg4 c5 8. d5 d6 9. Bxc8 Qxc8 10. Nc3 Bxc3+ 11. bxc3 Nd7 12. Bf4 Ngf6 13. f3 Qc7 14. c4 O-O-O 15. Qd2 Ne5 16. Bxe5 dxe5 17. Ne2 Rg8 18. Kf2 Rh8 19. Ng3 Qd8 20. Rb1 b6 21. Qg5 Nd7 22. Nf5 f6 23. Qg7 Re8 24. Rh1 b5 25. cxb5 Qa5 26. Nxe7+ Rxe7 27. Rh8+ Kc7 28. Qxe7 Qd2+ 29. Kg3 Qf4+ 30. Kh3 c4 31. Qd8+ Kd6 32. Rh7 Kc5 33. Qxd7 Kd4 34. Qg4 Qc1 35. Kh2 Qxc2 36. d6 Qd2 37. d7 Ke3 38. Qh4 Ke2 39. Qxf6 Kf1 40. Rg7 c3 41. d8=Q Qe1 42. Qd3+ Kf2 43. Qh4# 1-0


[Site "https://www.chess.com"]

[Event "Titled Tuesday Blitz April 18 Late 2023"]
[White "Yeritsyan, Hayk"]
[Black "Fiorito, Francisco"]
[WhiteFideId "13307320"]
[BlackFideId "180165"]
[WhiteElo "2421"]
[BlackElo "2341"]
[Result "1-0"]
[Round "09"]
[TimeControl "180+2"]
[Date "2023.04.18"]
[WhiteClock "0:00:07"]
[BlackClock "0:00:02"]

1. d4 Nf6 2. Nf3 b6 3. Bf4 Bb7 4. e3 g6 5. h3 Bg7 6. Be2 O-O 7. c3 d6 8. O-O Nbd7 9. Bh2 Qe8 10. Nbd2 e5 11. Nc4 Ne4 12. Nfd2 Nxd2 13. Nxd2 Qe7 14. Bf3 e4 15. Be2 Nf6 16. c4 a5 17. Nb1 Rfd8 18. Nc3 h5 19. Rc1 h4 20. Qc2 Rac8 21. a3 c5 22. Nb5 d5 23. Qb3 dxc4 24. Bxc4 Nd5 25. Rfd1 cxd4 26. Nd6 Rxd6 27. Bxd6 Qxd6 28. Bxd5 Rxc1 29. Bxf7+ Kh7 30. Rxc1 dxe3 31. fxe3 Qd2 32. Rd1 Qxb2 33. Qxb2 Bxb2 34. Rb1 Bxa3 35. Rxb6 Bc8 36. Bxg6+ Kg7 37. Bxe4 Bc5 38. Rc6 Bxe3+ 39. Kf1 Bxh3 40. gxh3 Bd2 41. Ke2 Bb4 42. Bc2 Be7 43. Ra6 Bb4 44. Kf3 Kf7 45. Kg4 Be1 46. Bd3 Kg7 47. Kf5 Kf8 48. Ra7 Ke8 49. Ke6 Kd8 50. Ba6 Bb4 51. Bb5 Kc8 52. Bc6 Kb8 53. Rb7+ Kc8 54. Kd5 Kd8 55. Kc4 Be1 56. Kb5 Kc8 57. Rh7 Kd8 58. Ka6 Kc8 59. Ba4 Kd8 60. Rd7+ Kc8 61. Kb6 Bb4 62. Kc6 Kb8 63. Bb5 Kc8 64. Ba6+ Kb8 65. Rb7+ Ka8 66. Kb5 Be1 67. Rc7 Kb8 68. Rc8+ Ka7 69. Rc1 Bg3 70. Kxa5 Bf4 71. Rd1 Bc7+ 72. Kb5 Bg3 73. Rd7+ Kb8 74. Kc6 Bh2 75. Rb7+ Ka8 76. Kb5 Bg1 77. Rd7 Bf2 78. Ka5 Bg1 79. Bb5 Kb8 80. Bc6 Kc8 81. Ka6 Bf2 82. Rb7 Kd8 83. Rh7 Kc8 84. Kb5 Kd8 85. Kc4 Kc8 86. Rd7 Bg3 87. Kd5 Kb8 88. Rb7+ Kc8 89. Ke6 Bh2 90. Rb5 Bg3 91. Kd5 Kd8 92. Rb7 Kc8 93. Rg7 Bf2 94. Ke6 Kd8 95. Kf5 Kc8 96. Kg4 Bd4 97. Rh7 Bf2 98. Rxh4 Kc7 99. Rh6 Be3 100. Rg6 Kd8 101. Kf5 Ke7 102. Rg7+ Kf8 103. Rd7 Bb6 104. Kg6 Ba5 105. h4 Bb6 106. h5 Kg8 107. h6 Bd4 108. Rd8# 1-0


[Site "https://www.chess.com"]

[Event "Titled Tuesday Blitz April 18 Late 2023"]
[White "Mickiewicz, Piotr"]
[Black "Loiacono, Antonio"]
[WhiteFideId "1114891"]
[BlackFideId "895415"]
[WhiteElo "2246"]
[BlackElo "2257"]
[Result "1-0"]
[Round "09"]
[TimeControl "180+2"]
[Date "2023.04.18"]
[WhiteClock "0:00:43"]
[BlackClock "0:00:01"]

1. Nf3 d5 2. e3 g6 3. c4 c6 4. Nc3 Bg7 5. b3 Nf6 6. Bb2 O-O 7. Be2 Re8 8. O-O e5 9. d4 e4 10. Ne5 Nbd7 11. Rc1 a6 12. cxd5 cxd5 13. Na4 Re6 14. f4 exf3 15. Bxf3 Qe8 16. Nxf7 Qxf7 17. Bxd5 Nf8 18. Nb6 Qe8 19. Rxf6 Bxf6 20. Nxa8 Qd8 21. Nc7 Kg7 22. Nxe6+ Nxe6 23. Bxe6 Bxe6 24. e4 Kg8 25. Qd2 Be7 26. d5 Bg5 27. Qd4 Qe7 28. Rf1 1-0


[Site "https://www.chess.com"]

[Event "Titled Tuesday Blitz April 18 Late 2023"]
[White "Grigoriants, Sergey"]
[Black "Kubatko, Ivan"]
[WhiteFideId "4130804"]
[BlackFideId "24111473"]
[WhiteElo "2502"]
[BlackElo "2285"]
[Result "1-0"]
[Round "09"]
[TimeControl "180+2"]
[Date "2023.04.18"]
[WhiteClock "0:00:47"]
[BlackClock "0:00:02"]

1. d4 d5 2. c4 e6 3. Nc3 c5 4. cxd5 cxd4 5. Qa4+ Bd7 6. Qxd4 exd5 7. Qxd5 Nc6 8. Qd1 Nf6 9. e3 Bc5 10. a3 Qe7 11. Nf3 O-O-O 12. Qc2 Kb8 13. Be2 g5 14. b4 Bb6 15. O-O g4 16. Nd2 h5 17. Nc4 h4 18. Nxb6 axb6 19. e4 Nh5 20. Nd5 Qd6 21. Be3 Rc8 22. Qb2 Rhg8 23. Rad1 Ne5 24. Nxb6 Nf3+ 25. Bxf3 gxf3 26. Nxd7+ Qxd7 27. Rxd7 Rxg2+ 28. Kh1 Ng3+ 29. hxg3 hxg3 30. Qe5+ 1-0


[Site "https://www.chess.com"]

[Event "Titled Tuesday Blitz April 18 Late 2023"]
[White "Mazurkiewicz, Michal"]
[Black "Barrientos, Sergio E"]
[WhiteFideId "1124943"]
[BlackFideId "4401824"]
[WhiteElo "2054"]
[BlackElo "2423"]
[Result "1-0"]
[Round "09"]
[TimeControl "180+2"]
[Date "2023.04.18"]
[WhiteClock "0:00:14"]
[BlackClock "0:01:25"]

1. e4 a6 2. g3 b5 3. Bg2 Bb7 4. d4 e6 5. Ne2 c5 6. O-O cxd4 7. Nxd4 Nc6 8. Nc3 Nge7 9. a4 Nxd4 10. Qxd4 Nc6 11. Qd1 b4 12. Ne2 Bc5 13. c3 a5 14. Nd4 O-O 15. Be3 Qb6 16. Re1 Rfd8 17. f4 Rac8 18. e5 Ne7 19. Bxb7 Qxb7 20. Nb5 Bxe3+ 21. Rxe3 Nf5 22. Rd3 bxc3 23. bxc3 g6 24. Qf3 Qxf3 25. Rxf3 d6 26. exd6 Nxd6 27. Rd3 Ne4 28. Rxd8+ Rxd8 29. Re1 f5 30. Nd4 Kf7 31. Nc6 Rd5 32. Rb1 Nxc3 33. Rb7+ Kf8 34. Rxh7 Nxa4 35. Ne5 Nc3 36. Nxg6+ Ke8 37. Re7+ Kd8 38. Rxe6 Kc7 39. Ne7 Rd1+ 40. Kf2 Ne4+ 41. Ke2 Nc3+ 42. Kf2 Ne4+ 43. Ke2 Rc1 44. Nxf5 Nc3+ 45. Kd2 Na2 46. Ra6 Rc5 47. Nd4 Nb4 48. Ne6+ 1-0


[Site "https://www.chess.com"]

[Event "Titled Tuesday Blitz April 18 Late 2023"]
[White "Krishnan, Varun"]
[Black "WindWhistler11"]
[WhiteFideId "5054508"]
[WhiteElo "2590"]
[BlackElo "2431"]
[Result "0-1"]
[Round "09"]
[TimeControl "180+2"]
[Date "2023.04.18"]
[WhiteClock "0:00:01"]
[BlackClock "0:00:39"]

1. d4 Nf6 2. c4 e6 3. Nc3 c5 4. d5 exd5 5. cxd5 Bd6 6. e4 O-O 7. Bd3 Re8 8. Nf3 Bc7 9. O-O d6 10. Bg5 Nbd7 11. Bc2 Nf8 12. e5 dxe5 13. Ne4 N8d7 14. Ba4 Kh8 15. d6 Bb6 16. Qb3 Re6 17. Rac1 Qf8 18. Bxd7 Nxd7 19. Be7 Rxe7 20. dxe7 Qxe7 21. Rfd1 Nf8 22. Qc3 Ng6 23. Nxc5 Bg4 24. b4 Nf4 25. Re1 f6 26. h3 Bh5 27. Rcd1 Rc8 28. Qe3 Qf7 29. Qe4 Rb8 30. Nd7 Ra8 31. Nxb6 axb6 32. Rd2 Bg6 33. Qe3 Bf5 34. Qxb6 Qg6 35. Nh4 Qg5 36. g3 Rg8 37. Kh2 Nxh3 38. Qe3 Qh5 39. Nxf5 Qxf5 40. g4 Qxg4 41. Qg3 Qf4 42. Qxf4 Nxf4 0-1


[Site "https://www.chess.com"]

[Event "Titled Tuesday Blitz April 18 Late 2023"]
[White "Prydun, Andriy"]
[Black "Zarnicki, Pablo"]
[WhiteFideId "14145898"]
[BlackFideId "100137"]
[WhiteElo "2164"]
[BlackElo "2468"]
[Result "0-1"]
[Round "09"]
[TimeControl "180+2"]
[Date "2023.04.18"]
[WhiteClock "0:00:01"]
[BlackClock "0:01:28"]

1. e4 d5 2. exd5 Qxd5 3. Nc3 Qa5 4. h3 Nf6 5. Nf3 c6 6. Bc4 Bf5 7. O-O e6 8. Re1 Be7 9. Rb1 Nbd7 10. b4 Qc7 11. b5 c5 12. Ba3 O-O 13. Nh4 Bg6 14. Nxg6 hxg6 15. Bf1 Rfe8 16. Bb2 Rad8 17. Qc1 b6 18. a4 c4 19. Nd1 Nd5 20. Ne3 Nxe3 21. fxe3 Nf6 22. d3 c3 23. Ba3 Nd5 24. Rb3 Bxa3 25. Rxa3 Qg3 26. e4 Nf4 27. Re3 Nxh3+ 28. Kh1 Nf2+ 29. Kg1 Qh4 30. g3 Qf6 31. e5 Qg5 32. Kxf2 Rd4 33. Qd1 Rg4 34. Rf3 Rd8 35. Rxc3 Rdd4 36. Bg2 Rxg3 37. Rc8+ Kh7 38. Rxg3 Qh4 39. Qg1 Rf4+ 40. Bf3 g5 41. Qg2 g4 42. Ke3 Qg5 43. Rxg4 Rxg4+ 44. Kf2 Rxg2+ 45. Bxg2 Qf4+ 46. Kg1 Qe3+ 47. Kf1 Qxe5 48. Rc6 Qf4+ 49. Kg1 Qe3+ 50. Kf1 g5 51. Be4+ f5 52. Rxe6 fxe4 53. Rxe4 Qc1+ 54. Kf2 Qxc2+ 55. Ke3 Kg6 56. Rd4 Kf5 0-1


[Site "https://www.chess.com"]

[Event "Titled Tuesday Blitz April 18 Late 2023"]
[White "Al-Tarboush, Ward"]
[Black "Gonzalez Zamora, Juan Carlos"]
[WhiteFideId "7601450"]
[BlackFideId "3507548"]
[WhiteElo "2265"]
[BlackElo "2535"]
[Result "0-1"]
[Round "09"]
[TimeControl "180+2"]
[Date "2023.04.18"]
[WhiteClock "0:00:15"]
[BlackClock "0:00:05"]

1. e4 d6 2. d4 Nf6 3. Nc3 g6 4. Be3 Bg7 5. f3 a6 6. h4 h5 7. Nge2 b5 8. Nf4 Nbd7 9. g4 e5 10. dxe5 Nxe5 11. g5 Nfd7 12. Bg2 Bb7 13. Qe2 O-O 14. O-O-O Re8 15. Kb1 Nc4 16. Nd3 Bxc3 17. bxc3 Nxe3 18. Qxe3 Nb6 19. Qd4 Na4 20. Ka1 c5 21. Qf6 Qxf6 22. gxf6 Nxc3 23. Rdg1 c4 24. Nf4 d5 25. Bh3 dxe4 26. fxe4 Bxe4 27. Rh2 Rad8 28. Nxh5 Rd1+ 29. Rxd1 Nxd1 30. Nf4 Rd8 31. h5 g5 32. Ne2 Rd2 33. Bg4 Ne3 34. Bc8 c3 35. Nxc3 Rxh2 36. Nxe4 Nc4 37. a3 Nxa3 38. Nxg5 Nxc2+ 39. Kb2 Nd4+ 40. Kc3 Rc2+ 41. Kxd4 Rxc8 42. h6 b4 43. h7+ Kh8 44. Nxf7+ Kxh7 45. Ne5 b3 46. Nd3 Kg6 47. Ke5 Rc3 48. Nf4+ Kf7 49. Ne6 Re3+ 0-1


[Site "https://www.chess.com"]

[Event "Titled Tuesday Blitz April 18 Late 2023"]
[White "Marczuk, Dominik"]
[Black "Sanchez Alvares, Kelvin Antonio"]
[WhiteFideId "1111264"]
[BlackFideId "3906680"]
[WhiteElo "2174"]
[BlackElo "2217"]
[Result "0-1"]
[Round "09"]
[TimeControl "180+2"]
[Date "2023.04.18"]
[WhiteClock "0:00:02"]
[BlackClock "0:00:18"]

1. e4 e5 2. Nf3 Nc6 3. Bc4 Bc5 4. O-O Nf6 5. d3 d6 6. c3 a5 7. Bb3 h6 8. Nbd2 O-O 9. Re1 Be6 10. Bc2 Qb8 11. Nf1 Qa7 12. Qe2 a4 13. h3 Rfe8 14. Ng3 d5 15. Nh4 Bf8 16. Qf3 dxe4 17. dxe4 Nh7 18. Nhf5 Ne7 19. Be3 Qa6 20. h4 Qc6 21. a3 Nxf5 22. Nxf5 Bxf5 23. Qxf5 Qf6 24. Rad1 Qxh4 25. Rd7 Re7 26. Red1 Qf6 27. Qg4 Rxd7 28. Rxd7 Bd6 29. c4 b6 30. Qd1 Nf8 31. Bxa4 Qe6 32. Bc6 Nxd7 33. Bxa8 Qxc4 34. Bd5 Qb5 35. b4 Nf6 0-1


[Site "https://www.chess.com"]

[Event "Titled Tuesday Blitz April 18 Late 2023"]
[White "Papayan, Oleg"]
[Black "Bruedigam, Martin"]
[WhiteFideId "4193911"]
[BlackFideId "24608033"]
[WhiteElo "2153"]
[BlackElo "2331"]
[Result "1-0"]
[Round "09"]
[TimeControl "180+2"]
[Date "2023.04.18"]
[WhiteClock "0:00:04"]
[BlackClock "0:00:03"]

1. e4 c6 2. Nf3 d5 3. Nc3 Bg4 4. Qe2 e6 5. exd5 cxd5 6. Qb5+ Nd7 7. Qxb7 Bxf3 8. gxf3 Ngf6 9. Nb5 Rc8 10. d4 Be7 11. Bf4 e5 12. Bxe5 O-O 13. Nxa7 Nxe5 14. Nxc8 Nxf3+ 15. Ke2 Nxd4+ 16. Kd3 Nf5 17. Nxe7+ Nxe7 18. Re1 Ng6 19. c3 Ne4 20. Kc2 Qg5 21. Rxe4 Qf5 22. Bd3 dxe4 23. Qxe4 Qxf2+ 24. Qe2 Qa7 25. Bxg6 hxg6 26. a3 Rb8 27. Re1 Qb7 28. b4 Ra8 29. Kb2 Qa7 30. Ra1 g5 31. a4 g4 32. a5 Qd7 33. a6 f5 34. Qc4+ Kh7 35. Qd4 Qe6 36. a7 Qe2+ 37. Kb3 Qf3 38. Ra5 g6 39. b5 f4 40. b6 Qb7 41. Qc5 Kh6 42. Qc7 Qf3 43. b7 Qd1+ 44. Kb4 Qb1+ 45. Kc4 Qe4+ 46. Kb3 Qb1+ 47. Ka4 Qa2+ 48. Kb5 Qb3+ 49. Ka6 Re8 50. a8=Q Re6+ 51. Ka7 Qd5 52. b8=Q 1-0


[Site "https://www.chess.com"]

[Event "Titled Tuesday Blitz April 18 Late 2023"]
[White "Estrada Nieto, Julian"]
[Black "Graif, William"]
[WhiteFideId "5101018"]
[BlackFideId "2609835"]
[WhiteElo "2161"]
[BlackElo "2205"]
[Result "0-1"]
[Round "09"]
[TimeControl "180+2"]
[Date "2023.04.18"]
[WhiteClock "0:00:10"]
[BlackClock "0:00:15"]

1. e4 e5 2. Nf3 Bc5 3. c3 d5 4. d4 exd4 5. exd5 Nf6 6. cxd4 Bb4+ 7. Bd2 Bxd2+ 8. Qxd2 O-O 9. Be2 Nxd5 10. O-O Bg4 11. Nc3 c6 12. Rfe1 Re8 13. Ne5 Bxe2 14. Rxe2 Na6 15. Rae1 Nac7 16. Ne4 f6 17. Nf3 b6 18. h4 Qd7 19. Qc2 Re6 20. Ng3 Rae8 21. h5 Rxe2 22. Rxe2 Rxe2 23. Qxe2 Qe6 24. Qc2 h6 25. a3 Nf4 26. Qa4 a5 27. Qc2 Ncd5 28. Nf5 Nxh5 29. g3 b5 30. N3h4 a4 31. Qc5 g5 32. Qa7 gxh4 33. Nxh6+ Kf8 34. Qh7 hxg3 35. Qh8+ Ke7 36. Ng8+ Kd6 37. Qxh5 Qe1+ 38. Kg2 Qxf2+ 39. Kh3 Qh2+ 40. Kg4 Qxh5+ 41. Kxh5 g2 42. Nxf6 g1=Q 43. Ne4+ Ke7 44. Ng5 Qxd4 45. Nf3 Qxb2 46. Ng5 Qxa3 47. Kg6 Qg3 0-1


[Site "https://www.chess.com"]

[Event "Titled Tuesday Blitz April 18 Late 2023"]
[White "Pein, Jonathan"]
[Black "angelgab3"]
[WhiteFideId "417092"]
[WhiteElo "2151"]
[BlackElo "2519"]
[Result "1-0"]
[Round "09"]
[TimeControl "180+2"]
[Date "2023.04.18"]
[WhiteClock "0:00:44"]
[BlackClock "0:00:09"]

1. Nf3 Nf6 2. e3 g6 3. d4 Bg7 4. c4 O-O 5. Nc3 c5 6. d5 e6 7. e4 exd5 8. exd5 d6 9. h3 Re8+ 10. Be2 Bf5 11. O-O Ne4 12. Nxe4 Bxe4 13. Qb3 Bxf3 14. Bxf3 Qc7 15. Bf4 Nd7 16. Rfe1 Ne5 17. Be2 h6 18. Qc2 Re7 19. Bf1 Rae8 20. Re2 a6 21. a4 Qa5 22. Rae1 Qb4 23. b3 Qb6 24. Bd2 Qc7 25. a5 Qc8 26. Bc3 Qd8 27. Qb2 g5 28. Re3 Bh8 29. b4 cxb4 30. Qxb4 Qd7 31. c5 dxc5 32. Qxc5 Ng6 33. Bxh8 Kxh8 34. Rxe7 Rxe7 35. Rxe7 Nxe7 36. Bc4 Nf5 37. Qb6 Nd6 38. Bd3 Qe7 39. Qd4+ Kg8 40. Kf1 f6 41. h4 Kg7 42. h5 Qe8 43. Qc5 Qd8 44. Bb1 Nf7 45. Qd4 Qd6 46. Qe4 Kf8 47. g3 Qc5 48. Kg2 Qd6 49. Bd3 Qe5 50. Qf3 Ke7 51. Bg6 Nd6 52. Qb3 f5 53. Kg1 Kf6 54. Qb6 Qxd5 55. Qd8+ Ke5 56. Qh8+ Ke4 57. Qxh6 Nc4 58. Qxg5 Qd1+ 59. Kh2 Qf3 60. Qe7+ Ne5 61. Qb4+ Kd5 62. Qxb7+ Ke6 63. Qxf3 Nxf3+ 64. Kg2 Nd2 65. h6 Kf6 66. Bxf5 Nc4 67. Bd3 Nxa5 68. Bxa6 1-0


[Site "https://www.chess.com"]

[Event "Titled Tuesday Blitz April 18 Late 2023"]
[White "Qiao, Cindy"]
[Black "Karas, Marek"]
[WhiteFideId "2620243"]
[BlackFideId "14928558"]
[WhiteElo "1777"]
[BlackElo "2233"]
[Result "1-0"]
[Round "09"]
[TimeControl "180+2"]
[Date "2023.04.18"]
[WhiteClock "0:00:25"]
[BlackClock "0:00:51"]

1. d4 e5 2. dxe5 Nc6 3. Nf3 Qe7 4. Nc3 Nxe5 5. Nd5 Nxf3+ 6. gxf3 Qd8 7. Bf4 d6 8. e4 c6 9. Nc3 Nf6 10. Rg1 Be6 11. Qd2 d5 12. e5 Nd7 13. O-O-O g6 14. Kb1 Be7 15. Bd3 Qa5 16. Rde1 O-O-O 17. Bg5 Bxg5 18. Qxg5 d4 19. Ne4 Qxa2+ 20. Kc1 Qa1+ 21. Kd2 Qxb2 22. Rb1 f6 23. exf6 Qa3 24. Ra1 Qb4+ 25. Ke2 Kb8 26. Rgb1 Qf8 27. Qf4+ Ka8 28. Qc7 Nb6 29. Qxb6 1-0


[Site "https://www.chess.com"]

[Event "Titled Tuesday Blitz April 18 Late 2023"]
[White "Hoffmann, Asa"]
[Black "Sonnenschein, Philipp"]
[WhiteFideId "2001470"]
[BlackFideId "16250877"]
[WhiteElo "2117"]
[BlackElo "2224"]
[Result "1-0"]
[Round "09"]
[TimeControl "180+2"]
[Date "2023.04.18"]
[WhiteClock "0:00:32"]
[BlackClock "0:00:01"]

1. d4 Nf6 2. Bg5 c5 3. d5 d6 4. Nc3 h6 5. Bh4 g6 6. e4 Bg7 7. f4 O-O 8. Nf3 e6 9. dxe6 Bxe6 10. e5 Re8 11. exf6 Bxf6 12. Bxf6 Qxf6 13. Be2 Qxf4 14. Qd2 Qb4 15. O-O-O Kh7 16. Kb1 Nc6 17. Rhe1 Rad8 18. a3 Qg4 19. g3 b5 20. Nxb5 Rb8 21. Nxd6 Red8 22. Qf4 Qxf4 23. gxf4 Rb6 24. Ne5 Rdb8 25. Nxc6 Rxc6 26. Kc1 Rcb6 27. b3 a5 28. Bc4 Bg4 29. Rd3 Kg7 30. Nxf7 1-0


[Site "https://www.chess.com"]

[Event "Titled Tuesday Blitz April 18 Late 2023"]
[White "EsmeraldasAnderson03"]
[Black "Hajiyev, Kanan"]
[BlackFideId "13404148"]
[WhiteElo "2390"]
[BlackElo "2103"]
[Result "0-1"]
[Round "09"]
[TimeControl "180+2"]
[Date "2023.04.18"]
[WhiteClock "0:01:07"]
[BlackClock "0:01:56"]

1. d4 Nf6 2. c4 e6 3. Nf3 c5 4. e3 cxd4 5. exd4 d5 6. Nc3 Bb4 7. Qc2 O-O 8. h3 b6 9. cxd5 Nxd5 10. Bd2 Bb7 11. Bd3 Nf6 12. Ne4 Bxd2+ 13. Nexd2 Nc6 14. Nb3 Nb4 15. Qe2 Nxd3+ 16. Qxd3 a5 17. Nbd2 Ba6 18. Qe3 Nd5 19. Qe5 Nb4 20. Qe4 Bd3 21. Qg4 Nc2+ 22. Kd1 Nxa1 23. Ne5 Bf5 24. Qg3 Qc7 0-1


[Site "https://www.chess.com"]